Unix NetHack Version 5.0.0-0 post-release - last build May  4 2026 22:22:43 (774f63e81ad911689b3a0859ea89b322d5daca8d,branch:main).

Game began 2026-05-09 03:39:01, ended 2026-05-09 05:35:22.

Brudee, neutral male human Tourist

                          ------------------------
                          |..(?..d............^%.|
                          |.-------------------%.|
                          |.|        -----    |.----
                          |%|        |..[--  --.|..|
                          |.|        |....|--|0....|
                          |.|        |....|..|.$$.$|
                          |.|        --......|..$.--
                          |.|------   |...|.......|
                          |.|.x$$p|-- |...|.[|..[.|
                          |.|$$$$.-.| |...|---....|
                          |?|u..f$|-| --..|.......|
                          |.@.O.$$-?|  --.|..0.----
                          --|....$|-|   |.--.---
                            |$=u..-.|   |.%...|
                            |.....|--   |..|.>|
                            -------     -------

Brudee the Peregrinator     St:25 Dx:9 Co:18 In:12 Wi:12 Ch:15  Neutral
Dlvl:3  $:111 HP:0(100) Pw:47(47) AC:-5 Xp:11/10539 T:9966  Blind

Latest messages:
 The owlbear hits!
 The owlbear hits again!
 You hear a nearby zap.
 The bolt of fire hits you!
 You hear the howling of the CwnAnnwn...
 Are you sure you want to pray? [yn] (n) y
 You begin praying to The Lady.
 You finish your prayer.
 You feel that The Lady is well-pleased.
 You feel much better.
 You hit the quasit.
 The quasit hits!
 The quasit misses!
 The quasit misses!
 You hit the quasit.
 The quasit hits!
 The quasit's sting was poisoned!
 The poison doesn't seem to affect you.
 The quasit misses!
 The quasit bites!
 You kill the quasit!
 You drop a brown potion.
 You drop 3 uncursed clear potions.
 You drop a pink potion.
 You drop a puce potion.
 What do you want to drop? [$a-fi-zABD-FHJ-LNPQS-WYZ or ?*] f
 You drop a scroll labeled GARVEN DEH.
 You try to feel what is lying here on the doorway.
 There is an open door here.
 You feel here an owlbear corpse.
 You hear a nearby zap.
 The bolt of fire hits it.
 The bolt of fire hits you!
 The bolt of fire hits you!
 Your scroll of remove curse catches fire and burns!
 Both of your potions of healing boil and explode!
 Wait!  There's something there you can't see!
 You feel more confident in your weapon skills.
 You hit it.
 It hits!
 You avoid harm.
 You miss it.
 You are suddenly very hot!
 You hear a nearby zap.
 The bolt of fire hits it.
 The bolt of fire hits you!
 The bolt of fire hits you!
 You die...
 Do you want your possessions identified? [ynq] (y) y
 Do you want to see your attributes? [ynq] (y) q

Inventory:
 Coins    ('$')
  $ - 111 gold pieces
 Weapons  (')')
  a - a +0 sling
  w - a blessed very corroded +1 knife (at the ready)
  t - a +0 worm tooth
  T - a greased +0 scimitar (weapon in right hand)
 Armor    ('[')
  J - an uncursed +0 dwarvish iron helm (being worn)
  v - an uncursed +0 pair of gauntlets of power (being worn)
  K - an uncursed +0 pair of iron shoes (being worn)
  l - an uncursed +0 pair of water walking boots
  y - an uncursed thoroughly burnt +0 cloak of displacement (being worn)
  P - an uncursed +0 robe
  k - a blessed +0 Hawaiian shirt with a sea turtle motif (being worn)
  S - an uncursed +0 dwarvish mithril-coat (being worn)
 Comestibles  ('%')
  z - an uncursed blueberry
  e - 3 uncursed apples
  A - an uncursed banana
  B - an uncursed cram ration
  H - 2 uncursed food rations
  x - an uncursed sprig of wolfsbane
  s - 2 uncursed tins of spinach
  o - an uncursed cockatrice corpse
  Z - an uncursed lizard corpse
 Spellbooks  ('+')
  j - an uncursed spellbook of turn undead
 Rings    ('=')
  V - an uncursed ring of poison resistance
  d - an uncursed ring of see invisible
  r - an uncursed ring of sustain ability
 Wands    ('/')
  E - a wand of digging (0:5)
  F - a blessed wand of fire (0:8)
  D - a wand of light (0:13)
  W - a wand of magic missile (0:0)
  p - a wand of sleep (0:3)
  i - a wand of slow monster (0:5)
  b - a cursed wand of slow monster (0:6)
 Tools    ('(')
  m - an uncursed credit card
  c - an uncursed leash
  n - a cursed magic marker (0:22)
  u - an uncursed tin whistle
  Y - a +0 unicorn horn
 Gems/Stones  ('*')
  q - 2 uncursed aquamarine stones
  U - an uncursed luckstone
  Q - an uncursed touchstone

Brudee the Tourist's attributes:

Background:
 You were a Peregrinator, a level 11 male human Tourist.
 You were neutral, on a mission for The Lady
 who was opposed by Blind Io (lawful) and Offler (chaotic).
 You were right-handed.
 You were in Sokoban, on level 3.
 You entered the dungeon 9966 turns ago.
 It was nighttime.
 You had 10539 experience points, 9461 more were needed to attain level 12.

Basics:
 You had 0 out of 100 hit points.
 You had all 47 energy points (spell power).
 Your armor class was -5.
 Your wallet contained 111 zorkmids.
 Autopickup was off.

Final Characteristics:
 Your strength was 25 (base:13, innate limit:18/100).
 Your dexterity was 9 (peak:12, limit:18).
 Your constitution was 18 (limit:18).
 Your intelligence was 12 (limit:18).
 Your wisdom was 12 (limit:18).
 Your charisma was 15 (limit:18).

Final Status:
 You were temporarily blind.
 You weren't hungry.
 You were unencumbered.
 You were wielding a saber.
 You had basic skill with saber and could have enhanced that.

Final Attributes:
 You were piously aligned.
 You were cold resistant.
 You were poison resistant.
 You were telepathic.
 You had automatic searching.
 You were displaced.
 You had a small defense bonus (+4).
 You were guarded.
 Your spell casting was impaired by metallic armor.
 You were lucky.
 You had extra luck.
 Bad luck did not time out for you.
 Good luck did not time out for you.
 You are dead.

Miscellaneous:
 You encountered 1 bones level.
 Total elapsed playing time was 1 hour, 56 minutes and 19 seconds.

Major events:
 Turn
    1: Brudee the neutral male human Tourist entered the dungeon
  879: attained the rank of Sightseer (level 3)
 1698: entered the Gnomish Mines
 2244: attained the rank of Excursionist (level 6)
 3444: reached Mine Town
 3536: found Grimtooth in a shop
 6449: entered Sokoban
 6840: completed 1st Sokoban level
 7226: completed 2nd Sokoban level
 7848: completed 3rd Sokoban level
 9768: completed 4th Sokoban level
 9803: attained the rank of Peregrinator (level 10)
 9966: killed by a bolt of fire zapped by an ogre lady

Spells:
 Name                 Level Category     Fail Retention
 slow monster           2   enchantment  100%   51%-75%

Skills:
 Fighting Skills
   bare handed combat [Unskilled]
   two weapon combat  [Unskilled]
   riding             [Unskilled]
 Weapon Skills
   dagger             [Unskilled]
   knife              [Skilled]
   axe                [Unskilled]
   pick-axe           [Unskilled]
   short sword        [Unskilled]
   broadsword         [Unskilled]
   long sword         [Unskilled]
   two-handed sword   [Unskilled]
   saber              [Basic]
   mace               [Unskilled]
   morning star       [Unskilled]
   flail              [Unskilled]
   hammer             [Unskilled]
   quarterstaff       [Unskilled]
   polearms           [Unskilled]
   spear              [Unskilled]
   trident            [Unskilled]
   lance              [Unskilled]
   bow                [Unskilled]
   sling              [Unskilled]
   crossbow           [Unskilled]
   dart               [Skilled]
   shuriken           [Unskilled]
   boomerang          [Unskilled]
   whip               [Unskilled]
   unicorn horn       [Unskilled]
 Spellcasting Skills
   divination spells  [Unskilled]
   enchantment spells [Unskilled]
   escape spells      [Unskilled]

Voluntary challenges:
 Character rerolling was not enabled.
 You never genocided any monsters.
 You never polymorphed an object.
 You never changed form.
 You used no wishes.
 You did not violate any of the special Sokoban rules.
Achievements:
 You entered a shop.
 You attained the rank of Sightseer.
 You entered the Gnomish Mines.
 You attained the rank of Excursionist.
 You entered Minetown.
 You entered a temple.
 You entered Sokoban.
 You attained the rank of Peregrinator.

 The Dungeons of Doom: levels 1 to 7
    Level 1:
       A fountain.
    Level 2:
       A general store, a fountain.
    Level 3:
    Level 4:
       A potion shop.
       Stairs down to The Gnomish Mines.
    Level 5:
    Level 6:
       Many fountains.
       Oracle of Delphi.
    Level 7:
       A fountain.
       Stairs up to Sokoban, level 6.
 The Gnomish Mines: levels 5 to 8
    Level 5:
    Level 6:
    Level 7:
       Many graves.
       Final resting place for
          aharbin-Wiz-Elf-Mal-Cha, killed by a giant spider,
          2460080212-Val-Hum-Fem-Law, killed by a giant beetle,
          flandre-Sam-Hum-Fem-Law, killed by a giant spider.
    Level 8:
       Many shops, a temple and an altar, some fountains.
 Sokoban: levels 6 up to 3
    Level 3: <- You were here.
       Solved.
       Final resting place for
          you, killed by a bolt of fire zapped by an ogre lady.
    Level 4:
       Solved.
    Level 5:
       Solved.
    Level 6:
       Solved.


Vanquished creatures:
  2 ghosts
  2 giant mimics
  a long worm
  a black naga
  a giant zombie
 an elf-noble
  a warg
  2 small mimics
 an ettin mummy
  a pyrolisk
  a freezing sphere
  2 shocking spheres
  a tengu
  a mountain centaur
 an elf mummy
  3 wraiths
  a carnivorous ape
 an ettin zombie
  a crocodile
  5 giant beetles
  a quivering blob
  a cockatrice
  3 wolves
  5 winter wolf cubs
  a panther
  a leprechaun
 an orc-captain
  3 iron piercers
  a giant spider
  a horse
  3 vampire bats
  a forest centaur
 an orc mummy
  2 owlbears
  4 lizards
  2 dingoes
  a jaguar
  2 dwarf leaders
  a blue jelly
  2 white unicorns
  a dust vortex
  a gnome mummy
  a snake
 an ape
  a fire ant
 an imp
  a quasit
  a wood nymph
  3 water nymphs
 an Uruk-hai
  2 rock moles
  a fog cloud
  3 yellow lights
  2 shriekers
  a violet fungus
  8 gnome leaders
  3 gnomish wizards
  a straw golem
  a paper golem
  8 floating eyes
 11 dwarves
  2 homunculi
  a kobold shaman
 10 hill orcs
  8 rothes
  a giant bat
  a monkey
  4 orc zombies
  2 wererats
  a werejackal
  4 iguanas
  a killer bee
 an acid blob
  a gas spore
  3 hobbits
  2 manes
  a large kobold
  2 hobgoblins
  3 giant rats
  a cave spider
  a yellow mold
  a green mold
 22 gnomes
  3 garter snakes
  3 gnome zombies
  5 geckos
  2 jackals
  2 foxes
  2 kobolds
  a goblin
  2 grid bugs
  a bat
  9 lichens
  3 kobold zombies
  8 newts
234 creatures vanquished.

No species were genocided or became extinct.

Game over:
                       ----------
                      /          \
                     /    REST    \
                    /      IN      \
                   /     PEACE      \
                  /                  \
                  |      Brudee      |
                  |      111 Au      |
                  | killed by a bolt |
                  |  of fire zapped  |
                  | by an ogre lady  |
                  |                  |
                  |       2026       |
                 *|     *  *  *      | *
        _________)/\\_//(\/(/\)/\//\/|_)_______

Aloha Brudee the Tourist...

You died in Sokoban on dungeon level 3 with 20386 points,
and 111 pieces of gold, after 9966 moves.
You were level 11 with a maximum of 100 hit points when you died.

